[Event "Titled Tuesday Blitz November 15 Late 2022"]
[White "Adury, Anant"]
[Black "Perez Leiva, Jerzy Jesus"]
[WhiteFideId "30964687"]
[BlackFideId "3524337"]
[WhiteElo "2228"]
[BlackElo "2289"]
[Result "1-0"]
[Round "01"]
[TimeControl "180+1"]
[Date "2022.11.16"]
[WhiteClock "0:00:12"]
[BlackClock "0:00:15"]

1. Nf3 d5 2. g3 Nf6 3. Bg2 e6 4. O-O b5 5. b3 Bb7 6. Bb2 Nbd7 7. Ne5 Nxe5 8. Bxe5 Nd7 9. Bb2 Rb8 10. Qc1 c5 11. c4 bxc4 12. bxc4 d4 13. Bxb7 Rxb7 14. e3 Ne5 15. Qc2 Qd7 16. e4 d3 17. Qc1 Bd6 18. f4 Nc6 19. Bxg7 Rg8 20. Bc3 Nd4 21. Bxd4 cxd4 22. Na3 a6 23. Rb1 Rxb1 24. Nxb1 Bc5 25. Qd1 Ke7 26. Qh5 Rb8 27. Qxc5+ Qd6 28. Qg5+ Kf8 29. f5 exf5 30. Qxf5 Qg6 31. Qe5 Re8 32. Qh8+ Ke7 33. Qe5+ Kf8 34. Qh8+ Ke7 35. Qxd4 Rd8 36. Qe5+ Kf8 37. Nc3 Qb6+ 38. Kg2 Qh6 39. Qf4 Qe6 40. Nd5 Kg7 41. Qf6+ Qxf6 42. Rxf6 Rc8 43. Rxa6 Rxc4 44. Kf3 Rc1 45. Ke3 Rh1 46. Kxd3 Rxh2 47. Ke3 Rg2 48. Kf3 Rxd2 49. a4 Ra2 50. a5 h5 51. Ra8 Kg6 52. a6 f5 53. a7 fxe4+ 54. Kxe4 Ra4+ 55. Ke5 Kg7 56. Nb6 Ra5+ 57. Kd6 Ra1 58. Kc6 h4 59. gxh4 Rc1+ 60. Kb7 Ra1 61. Rc8 Rf1 62. a8=Q Rf7+ 63. Rc7 Kh6 64. Rxf7 Kh5 65. Qg8 Kh6 66. Rh7# 1-0


[Site "https://www.chess.com"]

[Event "Titled Tuesday Blitz November 15 Late 2022"]
[White "Alekseenko, Kirill"]
[Black "Souleidis, Georgios"]
[WhiteFideId "4135539"]
[BlackFideId "4206827"]
[WhiteElo "2682"]
[BlackElo "2401"]
[Result "1-0"]
[Round "01"]
[TimeControl "180+1"]
[Date "2022.11.15"]
[WhiteClock "0:00:24"]
[BlackClock "0:00:06"]

1. e4 c5 2. Nf3 e6 3. d4 cxd4 4. Nxd4 Nf6 5. Nc3 Nc6 6. a3 d5 7. exd5 Nxd5 8. Nxd5 Qxd5 9. Be3 Nxd4 10. Qxd4 Qxd4 11. Bxd4 f6 12. f4 Bd6 13. g3 b6 14. Bg2 Rb8 15. O-O-O Bb7 16. Bxb7 Rxb7 17. Rhe1 Kf7 18. b4 Re8 19. Kb2 Bb8 20. c4 e5 21. fxe5 Bxe5 22. Kb3 h5 23. Bxe5 Rxe5 24. Kc3 Rc7 25. Rxe5 fxe5 26. Rd6 Re7 27. Kd3 g6 28. c5 bxc5 29. bxc5 e4+ 30. Ke3 Re5 31. c6 Rc5 32. Kxe4 Ke7 33. Rxg6 Ra5 34. Rh6 Kd8 35. Rh7 Kc8 36. Kf4 a6 37. h4 Kd8 38. Rg7 Kc8 39. Rg5 Ra4+ 40. Kf5 Rxa3 41. Kg6 Kc7 42. Kxh5 Kxc6 43. Kg6 a5 44. h5 Ra1 45. h6 a4 46. h7 Kb6 47. h8=Q 1-0


[Site "https://www.chess.com"]

[Event "Titled Tuesday Blitz November 15 Late 2022"]
[White "Alexikov, Alexander"]
[Black "Garcia Pantoja, Roberto"]
[WhiteFideId "14103958"]
[BlackFideId "3509265"]
[WhiteElo "2222"]
[BlackElo "2524"]
[Result "1-0"]
[Round "01"]
[TimeControl "180+1"]
[Date "2022.11.16"]
[WhiteClock "0:00:08"]
[BlackClock "0:00:05"]

1. e4 c5 2. Nf3 d6 3. Bb5+ Bd7 4. Bxd7+ Qxd7 5. O-O Nc6 6. Re1 e6 7. d4 cxd4 8. Nxd4 Ne5 9. b3 Nf6 10. Bb2 Be7 11. c4 O-O 12. Nc3 a6 13. Qe2 Rfc8 14. Rad1 Ng6 15. g3 Qc7 16. Kg2 Qa5 17. Rd2 b5 18. cxb5 Rxc3 19. Bxc3 Qxc3 20. bxa6 d5 21. exd5 Nxd5 22. Kg1 Bb4 23. Red1 Qc8 24. Rc2 Qxa6 25. Qxa6 Rxa6 26. Nc6 Ba3 27. b4 h5 28. b5 Rb6 29. Rb1 h4 30. Na5 Bb4 31. Nc6 Ba3 32. Rb3 h3 33. Rxa3 Rxb5 34. Rb3 Rxb3 35. axb3 Nf8 36. b4 Nd7 37. b5 N7b6 38. Ra2 g5 39. Ra6 g4 40. Ne7+ Kg7 41. Nxd5 Nxd5 42. b6 Nb4 43. Ra4 Nc6 44. b7 f5 45. Rc4 Nb8 46. Rc8 Na6 47. b8=Q Nxb8 48. Rxb8 Kf6 49. Rb5 Kf7 50. f4 Kf6 51. Kf2 e5 52. Rb6+ Ke7 53. fxe5 f4 54. gxf4 g3+ 55. Kxg3 1-0


[Site "https://www.chess.com"]

[Event "Titled Tuesday Blitz November 15 Late 2022"]
[White "Allahverdiyeva, Ayan"]
[Black "Barria Zuniga, Daniel"]
[WhiteFideId "13412590"]
[BlackFideId "3400816"]
[WhiteElo "2021"]
[BlackElo "2414"]
[Result "0-1"]
[Round "01"]
[TimeControl "180+1"]
[Date "2022.11.16"]
[WhiteClock "0:00:07"]
[BlackClock "0:00:21"]

1. e4 c5 2. Nf3 Nc6 3. d4 cxd4 4. Nxd4 e6 5. Nc3 Qc7 6. g3 a6 7. Bg2 Nf6 8. O-O Be7 9. Re1 O-O 10. Nxc6 bxc6 11. e5 Nd5 12. Bd2 a5 13. Qg4 f5 14. exf6 Nxf6 15. Qa4 e5 16. a3 d5 17. f4 Bc5+ 18. Kh1 Ng4 19. Nd1 e4 20. Bxe4 Qf7 21. Bg2 Qh5 22. h4 Nf2+ 23. Nxf2 Bxf2 24. Kh2 Qg6 25. Qb3 Bxe1 26. Rxe1 Bf5 27. c4 Rab8 28. Qa2 Be4 29. cxd5 Bxg2 30. Kxg2 cxd5 31. Qxd5+ Kh8 32. Bc3 Rxf4 33. Qxa5 Qc6+ 34. Kh3 Qd7+ 35. Kh2 Rf2+ 36. Kg1 Rbf8 37. Qe5 Qf7 38. Bd4 Rf1+ 39. Rxf1 Qxf1+ 40. Kh2 Qf7 41. h5 Re8 42. Qf4 Qxh5+ 43. Kg2 Qd5+ 44. Kh3 Qh1+ 45. Kg4 Qd1+ 46. Kh4 Kg8 47. Bc3 Qh1+ 48. Kg4 Re4 0-1


[Site "https://www.chess.com"]

[Event "Titled Tuesday Blitz November 15 Late 2022"]
[White "Andronescu, Madalin"]
[Black "He, Samuel"]
[WhiteFideId "1217275"]
[BlackFideId "2087235"]
[WhiteElo "1946"]
[BlackElo "2592"]
[Result "0-1"]
[Round "01"]
[TimeControl "180+1"]
[Date "2022.11.16"]
[WhiteClock "0:00:54"]
[BlackClock "0:01:06"]

1. e4 c6 2. d4 d5 3. Nd2 dxe4 4. Nxe4 Nf6 5. Nxf6+ exf6 6. Nf3 Bd6 7. Bd3 O-O 8. O-O Bg4 9. h3 Bh5 10. Be3 Nd7 11. Be2 Re8 12. Nh2 Bxe2 13. Qxe2 f5 14. Qf3 Qf6 15. Rad1 Re4 16. c3 Rae8 17. Bc1 Bc7 18. g3 g6 19. Kg2 h5 20. h4 Qe6 21. b3 Nf6 22. Rg1 Re2 23. Bd2 Qe4 24. Nf1 Ng4 25. Qxe4 Rxf2+ 26. Kh3 fxe4 27. Bc1 e3 28. Re1 e2 29. Rg2 0-1


[Site "https://www.chess.com"]

[Event "Titled Tuesday Blitz November 15 Late 2022"]
[White "Annaberdiyev, Babageldi"]
[Black "Torres Dominguez, David"]
[WhiteFideId "14000385"]
[BlackFideId "2220857"]
[WhiteElo "2332"]
[BlackElo "2037"]
[Result "1-0"]
[Round "01"]
[TimeControl "180+1"]
[Date "2022.11.16"]
[WhiteClock "0:00:21"]
[BlackClock "0:00:01"]

1. e4 Nc6 2. Nf3 e5 3. Bc4 Bc5 4. c3 Nf6 5. d4 exd4 6. cxd4 Bb4+ 7. Nc3 Nxe4 8. O-O Bxc3 9. d5 Bf6 10. Re1 Ne7 11. Rxe4 d6 12. Bg5 Bxg5 13. Nxg5 h6 14. Bb5+ Bd7 15. Qe2 Bxb5 16. Qxb5+ Qd7 17. Qe2 hxg5 18. Re1 O-O-O 19. Rxe7 Qf5 20. Qc4 Rd7 21. h3 Rhd8 22. R7e4 Kb8 23. b4 Qg6 24. a4 f5 25. Re6 Qh5 26. a5 g4 27. a6 gxh3 28. Qb5 c5 29. dxc6 hxg2 30. Kxg2 Qg4+ 31. Kf1 Qh3+ 32. Ke2 Qg4+ 33. Kd2 Qf4+ 34. R1e3 Qxf2+ 35. Kd1 Qg1+ 36. Kc2 Rc7 37. axb7 Qg2+ 38. Re2 Rxc6+ 39. Kb2 Qh1 40. Re1 Qg2+ 41. R6e2 Qxe2+ 42. Rxe2 1-0


[Site "https://www.chess.com"]

[Event "Titled Tuesday Blitz November 15 Late 2022"]
[White "Antonio, Jorge Carlos"]
[Black "Taspinar, Yanki"]
[WhiteFideId "113190"]
[BlackFideId "34561188"]
[WhiteElo "2247"]
[BlackElo "2225"]
[Result "0-1"]
[Round "01"]
[TimeControl "180+1"]
[Date "2022.11.16"]
[WhiteClock "0:00:48"]
[BlackClock "0:01:02"]

1. d4 c6 2. Nf3 d5 3. Bf4 Nf6 4. e3 g6 5. c3 Bg4 6. Qb3 Qb6 7. Qxb6 axb6 8. h3 Bxf3 9. gxf3 Nbd7 10. Bd3 Bg7 11. h4 Nh5 12. Bg3 e5 13. dxe5 Nxg3 14. fxg3 Nxe5 15. Be2 O-O 16. f4 Nd7 17. Kf2 Rfe8 18. h5 Nc5 19. Nd2 Na4 20. Rab1 b5 21. hxg6 hxg6 22. g4 Nb6 23. a3 Re7 24. f5 Rae8 25. Rh3 Bf6 26. Bd3 Bg5 27. Nf1 Kg7 28. Re1 Na4 29. Re2 Nc5 30. Bc2 Ne4+ 31. Kf3 Nd6 32. Kf2 Nc4 33. fxg6 fxg6 34. Rf3 Nxb2 35. Bxg6 Nd1+ 36. Ke1 Nxc3 37. Bxe8 Nxe2 38. Kxe2 Rxe8 39. Rf5 Kg6 40. Rf3 Re4 41. Rh3 Bf6 42. g5 Bxg5 43. Nd2 Ra4 44. Rg3 Kf5 45. Nf3 Bf6 46. Nd4+ Bxd4 47. exd4 Rxd4 48. Rg7 Ra4 49. Rxb7 Rxa3 50. Rc7 Rc3 51. Kd2 Rc4 52. Kd3 Ke5 53. Re7+ Kd6 54. Rh7 Kc5 55. Rh6 b4 56. Kd2 Rc3 57. Rh8 d4 58. Rb8 Kc4 59. Rb6 c5 60. Rb7 b3 61. Kd1 Rc2 62. Ra7 d3 63. Ra4+ Kc3 64. Ra1 b2 65. Rb1 d2 0-1


[Site "https://www.chess.com"]

[Event "Titled Tuesday Blitz November 15 Late 2022"]
[White "Arbunic Castro, Giovanna"]
[Black "Besedes, Danilo"]
[WhiteFideId "3400549"]
[BlackFideId "946796"]
[WhiteElo "1925"]
[BlackElo "2352"]
[Result "0-1"]
[Round "01"]
[TimeControl "180+1"]
[Date "2022.11.16"]
[WhiteClock "0:00:03"]
[BlackClock "0:00:53"]

1. e4 d6 2. d4 e5 3. dxe5 dxe5 4. Qxd8+ Kxd8 5. Bc4 f6 6. Nc3 a6 7. a4 Bd6 8. Be3 Ne7 9. O-O-O Bd7 10. Kb1 Nbc6 11. Nge2 Ng6 12. g3 Bg4 13. Rhe1 Kc8 14. Rd2 Rd8 15. Ng1 Bb4 16. Rxd8+ Kxd8 17. f3 Bxc3 18. bxc3 Bd7 19. Rd1 Ke8 20. Ne2 Rb8 21. f4 b5 22. axb5 axb5 23. Bb3 Bg4 24. Rd2 b4 25. c4 Rd8 26. Ba4 Rxd2 27. Bxc6+ Rd7 28. f5 Ne7 29. Bxd7+ Kxd7 30. Ng1 Bh5 31. Bc5 Nc6 32. Bf8 g5 33. Kb2 Bf7 34. Kb3 Na5+ 35. Ka4 Nxc4 36. Kxb4 Nd2 37. Bg7 Nxe4 38. Nf3 Ke7 39. c4 g4 40. Ne1 Nd6 41. c5 Nxf5 42. Bh8 Bd5 43. Nd3 c6 0-1


[Site "https://www.chess.com"]

[Event "Titled Tuesday Blitz November 15 Late 2022"]
[White "Ardila, Oscar Humberto"]
[Black "Suleymanli, Suleyman"]
[WhiteFideId "4404742"]
[BlackFideId "13416375"]
[WhiteElo "1959"]
[BlackElo "2204"]
[Result "0-1"]
[Round "01"]
[TimeControl "180+1"]
[Date "2022.11.16"]
[WhiteClock "0:00:10"]
[BlackClock "0:00:32"]

1. d4 d5 2. c4 c6 3. e3 Nf6 4. Nf3 Bf5 5. Be2 e6 6. O-O h6 7. Nc3 Nbd7 8. Bd2 Bd6 9. b3 O-O 10. h3 dxc4 11. bxc4 e5 12. Qb3 Rb8 13. d5 Nc5 14. Qb2 Bd3 15. Bxd3 Nxd3 16. Qc2 Nc5 17. e4 cxd5 18. cxd5 b5 19. a3 Qd7 20. Be3 Rfc8 21. Bxc5 Rxc5 22. Qd3 Rbc8 23. Ne2 Rc4 24. Nd2 Rc2 25. Rfc1 Rxc1+ 26. Rxc1 a6 27. Kh2 Rxc1 28. Nxc1 Qc7 29. Ne2 Qc5 30. Ng3 Qxf2 31. Nf5 Bc5 32. Nf3 Nh5 33. Qd2 Qxd2 34. Nxd2 Bxa3 35. Nf3 g6 36. Nxh6+ Kg7 37. Ng4 f6 38. Ne3 Bc5 39. Nc2 a5 40. Nd2 a4 41. g4 Nf4 42. Kg3 b4 43. Nc4 b3 44. Ne1 a3 45. Kf3 a2 46. Nd3 Nxd3 0-1


[Site "https://www.chess.com"]

[Event "Titled Tuesday Blitz November 15 Late 2022"]
[White "Arnold, Ken"]
[Black "Sargsyan, Anna M."]
[WhiteFideId "2056836"]
[BlackFideId "13308130"]
[WhiteElo "2324"]
[BlackElo "2284"]
[Result "0-1"]
[Round "01"]
[TimeControl "180+1"]
[Date "2022.11.16"]
[WhiteClock "0:00:21"]
[BlackClock "0:00:14"]

1. d4 d5 2. c4 c6 3. cxd5 cxd5 4. Nf3 Nc6 5. Nc3 Nf6 6. Bf4 Bf5 7. e3 e6 8. Bb5 Bb4 9. Qa4 O-O 10. Bxc6 Bxc3+ 11. bxc3 bxc6 12. O-O Ne4 13. Rfc1 c5 14. Bg3 Rc8 15. Nh4 Bg4 16. f3 Nxg3 17. hxg3 Bh5 18. f4 g5 19. fxg5 Qxg5 20. Kf2 Kh8 21. dxc5 e5 22. Nf3 Bxf3 23. gxf3 Rg8 24. Qh4 Qf5 25. e4 dxe4 26. Qxe4 Qg5 27. g4 Rxc5 28. Rh1 Rg6 29. Rac1 Kg7 30. c4 Qd2+ 31. Kg3 Qxa2 32. Rc2 Qa6 33. Rch2 h6 34. Rh5 Qe6 35. Re1 Rxc4 36. Qxe5+ Qxe5+ 37. Rhxe5 Rc3 38. Re7 Rf6 39. R1e3 Rxe3 40. Rxe3 a5 41. Ra3 Ra6 42. f4 Kf6 43. Kf3 Ke6 44. Ke4 a4 45. Rh3 Ke7 46. Ra3 Kd6 47. Kf5 Kc5 48. g5 hxg5 49. fxg5 Kb4 50. Ra1 a3 51. Rb1+ Kc3 52. Rc1+ Kb2 53. Rc7 a2 54. Rxf7 a1=Q 0-1


[Site "https://www.chess.com"]

[Event "Titled Tuesday Blitz November 15 Late 2022"]
[White "Artemenko, Oleg"]
[Black "Aguilar, Juan"]
[WhiteFideId "14201798"]
[BlackFideId "3800091"]
[WhiteElo "2287"]
[BlackElo "2416"]
[Result "0-1"]
[Round "01"]
[TimeControl "180+1"]
[Date "2022.11.16"]
[WhiteClock "0:00:53"]
[BlackClock "0:00:43"]

1. e4 c5 2. Nf3 d6 3. d4 cxd4 4. Nxd4 Nf6 5. Nc3 a6 6. h3 e5 7. Nde2 h5 8. g3 Be6 9. Bg2 Nbd7 10. O-O Rc8 11. f4 Be7 12. b3 Qb6+ 13. Kh1 Nc5 14. Be3 Qc7 15. f5 Bd7 16. Bg5 Bc6 17. Bxf6 Bxf6 18. a4 b5 19. axb5 axb5 20. b4 Nd7 21. Qd3 O-O 22. Rfd1 Nb6 23. Ra2 Nc4 24. Rda1 Ra8 25. Rxa8 Rxa8 26. Rxa8+ Bxa8 27. Nxb5 Qc6 28. Nbc3 Nb2 29. Qf3 Qc4 30. b5 h4 31. g4 Bg5 32. Qf2 Na4 33. Nxa4 Qxa4 34. Nc3 Qa1+ 35. Bf1 Qxc3 36. Bd3 d5 37. Qa7 Qe1+ 38. Kg2 Qd2+ 39. Kf1 Be3 40. Qxa8+ Kh7 41. Be2 Qc1+ 42. Kg2 Qg1+ 43. Kf3 Qf2# 0-1


[Site "https://www.chess.com"]

[Event "Titled Tuesday Blitz November 15 Late 2022"]
[White "Avila Rodriguez, Joshua Ad"]
[Black "Kopylov, Alexander A."]
[WhiteFideId "5126444"]
[BlackFideId "4164857"]
[WhiteElo "2125"]
[BlackElo "2436"]
[Result "0-1"]
[Round "01"]
[TimeControl "180+1"]
[Date "2022.11.16"]
[WhiteClock "0:00:05"]
[BlackClock "0:00:54"]

1. e4 e5 2. Nf3 Nc6 3. Bb5 a6 4. Ba4 d6 5. O-O Bd7 6. c3 Nf6 7. Re1 g6 8. h3 Bg7 9. d4 O-O 10. Nbd2 Qe8 11. Bc2 Nh5 12. Nf1 f5 13. dxe5 dxe5 14. Be3 Kh8 15. Bc5 Rg8 16. Bb3 Be6 17. Bxe6 Qxe6 18. Qb3 Nd8 19. Rad1 Qxb3 20. axb3 Ne6 21. Be3 f4 22. Bc1 Rge8 23. b4 Bf6 24. Rd7 Rad8 25. Red1 Rxd7 26. Rxd7 Rd8 27. Rxd8+ Nxd8 28. g4 fxg3 29. fxg3 Ne6 30. Kg2 c5 31. Ne3 cxb4 32. Ng4 bxc3 33. bxc3 Nc5 34. Nfxe5 Nxe4 35. Nxf6 Nhxf6 36. c4 Kg8 37. Kf3 Nc5 38. Be3 Ncd7 39. Nd3 Kf7 40. g4 Ke6 41. Ke2 Ne4 42. Kf3 Nd6 43. c5 Nc4 44. Bf2 Nce5+ 45. Ke4 Nxd3 46. Kxd3 Kd5 47. h4 Nxc5+ 48. Kc3 Ne4+ 0-1


[Site "https://www.chess.com"]

[Event "Titled Tuesday Blitz November 15 Late 2022"]
[White "Badelka, Olga"]
[Black "Phillips, Rene"]
[WhiteFideId "13509926"]
[BlackFideId "2056275"]
[WhiteElo "2337"]
[BlackElo "1990"]
[Result "1-0"]
[Round "01"]
[TimeControl "180+1"]
[Date "2022.11.16"]
[WhiteClock "0:00:29"]
[BlackClock "0:00:10"]

1. d4 Nc6 2. e4 d5 3. e5 f6 4. exf6 Nxf6 5. Bf4 Bg4 6. Be2 Bf5 7. Nf3 e6 8. O-O Bd6 9. Bg3 O-O 10. Nc3 Ne4 11. Nxe4 Bxe4 12. c3 Bxg3 13. hxg3 Qf6 14. Nd2 Bf5 15. f4 Qg6 16. Qe1 Rae8 17. Bb5 Re7 18. Bxc6 bxc6 19. Nf3 Be4 20. Ne5 Qe8 21. Rf2 c5 22. dxc5 Qb5 23. Qe3 a5 24. Raf1 a4 25. a3 Ree8 26. c6 Rf6 27. g4 Rh6 28. g5 Rh5 29. Qe2 Qxe2 30. Rxe2 g6 31. Rd2 Rb8 32. Rff2 Kg7 33. Rd4 Ra8 34. Rb4 Rc8 35. Rxa4 Rh4 36. Ra7 Kf8 37. a4 Ke7 38. a5 Kd6 39. b4 d4 40. cxd4 Bxc6 41. Ra6 1-0


[Site "https://www.chess.com"]

[Event "Titled Tuesday Blitz November 15 Late 2022"]
[White "Bashirli, Nail"]
[Black "Kaplan, Avi Harrison"]
[WhiteFideId "13406809"]
[BlackFideId "30934559"]
[WhiteElo "2318"]
[BlackElo "1983"]
[Result "1-0"]
[Round "01"]
[TimeControl "180+1"]
[Date "2022.11.16"]
[WhiteClock "0:01:12"]
[BlackClock "0:00:09"]

1. e4 c5 2. Nc3 d6 3. g3 Nc6 4. Bg2 Nf6 5. Nge2 e5 6. O-O Be7 7. f4 a6 8. d3 b5 9. fxe5 dxe5 10. Bg5 Nd4 11. Nxd4 cxd4 12. Bxf6 Bxf6 13. Nd5 Bg5 14. h4 Bh6 15. Qh5 O-O 16. Rf3 f6 17. Raf1 Ra7 18. g4 Be6 19. g5 g6 20. Qxh6 f5 21. Nf6+ Kh8 22. exf5 Bxf5 23. Rxf5 gxf5 24. Rf2 f4 25. Be4 Rff7 26. Rg2 Rg7 27. Nh5 Rg8 28. g6 Rag7 29. Nxg7 Rxg7 30. gxh7 Qf8 31. Rxg7 Qxg7+ 32. Qxg7+ Kxg7 33. Kg2 a5 34. Kf3 a4 35. Kg4 b4 36. b3 axb3 37. axb3 Kh8 38. Kf5 f3 39. Bxf3 Kxh7 40. Be4 Kh6 41. Kxe5 Kh5 42. Kxd4 Kxh4 43. Kc5 Kg3 44. Kxb4 Kf2 45. Kc5 Ke1 46. Kd6 Kd2 47. b4 Kc3 48. b5 Kb4 49. b6 Kc3 50. b7 Kd2 51. b8=Q Ke3 52. Ke5 Kd2 53. Qb4+ Kc1 54. Kd4 Kd1 55. Ke3 Kc1 56. d4 Kd1 57. Qb1# 1-0


[Site "https://www.chess.com"]

[Event "Titled Tuesday Blitz November 15 Late 2022"]
[White "Baskakov, Egor"]
[Black "Santos Flores, Alberto"]
[WhiteFideId "24197866"]
[BlackFideId "3601234"]
[WhiteElo "2211"]
[BlackElo "2235"]
[Result "1-0"]
[Round "01"]
[TimeControl "180+1"]
[Date "2022.11.16"]
[WhiteClock "0:02:26"]
[BlackClock "0:01:06"]

1. e4 c5 2. Nf3 Nc6 3. Nc3 g6 4. d4 cxd4 5. Nxd4 Bg7 6. Nde2 Nf6 7. g3 d6 8. Bg2 O-O 9. h3 Bd7 10. a4 Rc8 11. O-O Na5 12. Nd5 Nxd5 13. exd5 Nc4 14. Ra2 Qc7 15. b3 Nb6 16. a5 Na8 17. c4 e5 18. dxe6 Bxe6 19. Nf4 Qd7 20. Be3 a6 21. Rd2 Rfd8 22. Qc1 Nc7 23. Rfd1 Qe7 24. Bb6 d5 25. cxd5 Nxd5 26. Nxd5 Bxd5 27. Bxd8 1-0


[Site "https://www.chess.com"]

[Event "Titled Tuesday Blitz November 15 Late 2022"]
[White "Bazzano, Sebastian"]
[Black "Goroshkov, Maksym"]
[WhiteFideId "104566"]
[BlackFideId "14142716"]
[WhiteElo "2260"]
[BlackElo "2257"]
[Result "0-1"]
[Round "01"]
[TimeControl "180+1"]
[Date "2022.11.16"]
[WhiteClock "0:00:01"]
[BlackClock "0:00:19"]

1. d4 Nf6 2. Bf4 d6 3. Nc3 g6 4. e4 Bg7 5. Qd2 O-O 6. O-O-O c6 7. Nf3 b5 8. Bd3 Qa5 9. Kb1 b4 10. Ne2 c5 11. e5 Be6 12. Nc1 Nd5 13. b3 Nc3+ 14. Kb2 Nc6 15. Rde1 Rfd8 16. exd6 Nxd4 17. Be5 Nxf3 18. gxf3 Bxe5 19. Rxe5 Rxd6 20. h4 Rad8 21. Qh6 f5 22. h5 Bf7 0-1


[Site "https://www.chess.com"]

[Event "Titled Tuesday Blitz November 15 Late 2022"]
[White "Bernat, David"]
[Black "Ghazarian, Kirk"]
[WhiteFideId "2099225"]
[BlackFideId "30908604"]
[WhiteElo "2349"]
[BlackElo "2346"]
[Result "0-1"]
[Round "01"]
[TimeControl "180+1"]
[Date "2022.11.16"]
[WhiteClock "0:00:02"]
[BlackClock "0:00:21"]

1. c4 b6 2. Nc3 Bb7 3. e4 c5 4. g3 g6 5. Bg2 Bg7 6. Nge2 Nc6 7. O-O e6 8. d3 Nge7 9. Be3 O-O 10. d4 cxd4 11. Nxd4 Rc8 12. Nde2 Na5 13. b3 d5 14. exd5 exd5 15. Bg5 f6 16. Be3 dxc4 17. b4 Bxg2 18. Kxg2 Nac6 19. b5 Ne5 20. Nd4 Qd7 21. a4 Nd5 22. Nxd5 Qxd5+ 23. Nf3 Qb7 24. Bf4 Rfd8 25. Qe2 Nxf3 26. Qxf3 Qxf3+ 27. Kxf3 Rd3+ 28. Kg2 f5 29. Ra2 c3 30. Rc1 Rd4 31. Be3 Rdc4 32. a5 bxa5 33. Bxa7 a4 34. b6 Rb4 35. Rac2 Rb3 36. Kf3 a3 37. Ke2 Rd8 0-1


[Site "https://www.chess.com"]

[Event "Titled Tuesday Blitz November 15 Late 2022"]
[White "Bluebaum, Matthias"]
[Black "Estrada Nieto, Julian"]
[WhiteFideId "24651516"]
[BlackFideId "5101018"]
[WhiteElo "2633"]
[BlackElo "2221"]
[Result "1-0"]
[Round "01"]
[TimeControl "180+1"]
[Date "2022.11.15"]
[WhiteClock "0:01:25"]
[BlackClock "0:00:27"]

1. d4 d5 2. c4 dxc4 3. e4 e5 4. Nf3 exd4 5. Bxc4 Nc6 6. O-O Be6 7. Nbd2 Bxc4 8. Nxc4 Nf6 9. Qb3 Rb8 10. Nce5 Nxe5 11. Nxe5 Qe7 12. Nc6 bxc6 13. Qxb8+ Qd8 14. Qxa7 Be7 15. Bf4 O-O 16. Rac1 c5 17. b4 Nxe4 18. bxc5 Nc3 19. Rfe1 Bg5 20. Bxg5 Qxg5 21. Rc2 Qf5 22. Rd2 Ne4 23. Rb2 Nxc5 24. Rb5 d3 25. Qxc5 d2 26. Qxf8+ 1-0


[Site "https://www.chess.com"]

[Event "Titled Tuesday Blitz November 15 Late 2022"]
[White "Bogaudinov, Rushan"]
[Black "Hambleton, Aman"]
[WhiteFideId "4129288"]
[BlackFideId "2606577"]
[WhiteElo "1997"]
[BlackElo "2538"]
[Result "0-1"]
[Round "01"]
[TimeControl "180+1"]
[Date "2022.11.16"]
[WhiteClock "0:00:03"]
[BlackClock "0:00:10"]

1. d4 Nf6 2. Nf3 e6 3. g3 b5 4. Bg2 Bb7 5. O-O d5 6. a4 b4 7. Nbd2 Be7 8. Nb3 O-O 9. Ne5 Nc6 10. Bf4 Nxe5 11. Bxe5 Nd7 12. Bf4 c5 13. Re1 cxd4 14. Qxd4 a5 15. e4 Bf6 16. e5 Be7 17. Be3 Qc7 18. Qd3 Nxe5 19. Qe2 Ba6 20. Qd1 Nc4 21. Bf4 Bd6 22. Bc1 Rac8 23. Nd4 Qb6 24. b3 Na3 25. Be3 Bc5 26. Qg4 Rfe8 27. Rad1 Rcd8 28. Bh6 Bf8 29. h4 Bc8 30. Be3 Qc7 31. h5 e5 32. Nf5 g6 33. Qg5 Bxf5 34. Bxd5 Be6 35. Bf3 Rxd1 36. Rxd1 Qe7 37. Qxe7 Bxe7 38. hxg6 hxg6 39. Bb6 Nxc2 40. Bxa5 Nd4 41. Bg2 Nxb3 42. Bxb4 Bxb4 43. Rb1 Ba5 44. Be4 Rb8 45. Bc2 Rb4 46. Rb2 Nd4 47. Rxb4 Bxb4 48. Bd3 Bd7 49. f4 exf4 50. gxf4 Bxa4 51. Kf2 Kg7 52. Ke3 Nf5+ 53. Ke4 Bc6+ 54. Ke5 Bc3# 0-1


[Site "https://www.chess.com"]

[Event "Titled Tuesday Blitz November 15 Late 2022"]
[White "Bordi, Kevin"]
[Black "Khandelwal, Ankush"]
[WhiteFideId "621862"]
[BlackFideId "413470"]
[WhiteElo "2803"]
[BlackElo "2271"]
[Result "1-0"]
[Round "01"]
[TimeControl "180+1"]
[Date "2022.11.16"]
[WhiteClock "0:02:46"]
[BlackClock "0:00:20"]

1. e4 c5 2. Nf3 d6 3. d4 cxd4 4. Nxd4 Nf6 5. Nc3 a6 6. Rg1 e5 7. Nb3 Be6 8. g4 d5 9. exd5 Nxd5 10. Nxd5 Qxd5 11. Be3 Nc6 12. Qxd5 Bxd5 13. O-O-O O-O-O 14. g5 Kc7 15. h4 Be7 16. Nc5 h6 17. Na4 Bf3 18. Bb6+ Kb8 19. Bxd8 Bxd1 20. Bxe7 Nxe7 21. Kxd1 1-0


[Site "https://www.chess.com"]

[Event "Titled Tuesday Blitz November 15 Late 2022"]
[White "Cardoso Cardoso, Jose Gabriel"]
[Black "Sivakumar, Shaashwath"]
[WhiteFideId "4430492"]
[BlackFideId "30912156"]
[WhiteElo "2484"]
[BlackElo "2137"]
[Result "1-0"]
[Round "01"]
[TimeControl "180+1"]
[Date "2022.11.16"]
[WhiteClock "0:02:33"]
[BlackClock "0:01:35"]

1. d4 Nf6 2. Nc3 d5 3. Bf4 g6 4. e3 Bg7 5. h4 h5 6. Nf3 O-O 7. Nb5 Ne8 8. Ne5 c5 9. dxc5 Na6 10. c6 Qa5+ 11. c3 1-0


[Site "https://www.chess.com"]

[Event "Titled Tuesday Blitz November 15 Late 2022"]
[White "Chigaev, Maksim"]
[Black "Palencia Morales, Wilson Guillermo"]
[WhiteFideId "4108116"]
[BlackFideId "4401859"]
[WhiteElo "2541"]
[BlackElo "2160"]
[Result "1-0"]
[Round "01"]
[TimeControl "180+1"]
[Date "2022.11.15"]
[WhiteClock "0:00:25"]
[BlackClock "0:00:02"]

1. Nf3 g6 2. e4 Bg7 3. d4 c5 4. d5 d6 5. Nc3 Nf6 6. h3 O-O 7. Be2 e6 8. dxe6 Bxe6 9. O-O d5 10. Ng5 d4 11. Nb1 Bd7 12. Nd2 Bc6 13. Bd3 Nbd7 14. Re1 Re8 15. Bc4 Ne5 16. Bb3 h6 17. Ngf3 Nfd7 18. Nxe5 Nxe5 19. f4 Nd7 20. e5 Nf8 21. Ne4 Qb6 22. Nd6 Re7 23. Kh1 Qc7 24. a4 Kh7 25. Bd2 f5 26. c3 dxc3 27. Bxc3 Ne6 28. Qd2 Be4 29. Nxe4 fxe4 30. Rxe4 Rd8 31. Qf2 Qc6 32. Rae1 Rf8 33. Qg3 Ref7 34. Bd2 Qb6 35. a5 Qc6 36. Bc1 Re7 37. Bxe6 Qxe6 38. Qc3 b6 39. axb6 axb6 40. Qc2 Rf5 41. Qe2 Ref7 42. Kh2 g5 43. g4 Rxf4 44. Bxf4 gxf4 45. Qf3 Qd5 46. e6 Re7 47. Qxf4 Qd3 48. Qf5+ Kh8 49. R1e2 c4 50. Kg2 c3 51. bxc3 Qxc3 52. Qf3 Qc6 53. R4e3 Qc5 54. Rd3 Qg5 55. Rd8+ Kh7 56. Qf5+ Qxf5 57. gxf5 1-0


[Site "https://www.chess.com"]

[Event "Titled Tuesday Blitz November 15 Late 2022"]
[White "Claverie, Christophe"]
[Black "Winkels, Marcel"]
[WhiteFideId "605514"]
[BlackFideId "1003887"]
[WhiteElo "2300"]
[BlackElo "1900"]
[Result "1-0"]
[Round "01"]
[TimeControl "180+1"]
[Date "2022.11.16"]
[WhiteClock "0:00:27"]
[BlackClock "0:00:02"]

1. d4 Nf6 2. Bg5 d5 3. Bxf6 gxf6 4. e3 Bg7 5. Nf3 O-O 6. Be2 Nd7 7. O-O e5 8. c4 e4 9. Nh4 Nb6 10. cxd5 Qxd5 11. Nc3 Qg5 12. g3 f5 13. a4 a5 14. Nb5 Qe7 15. Qc2 c6 16. Na3 Nd5 17. Nc4 Be6 18. Qd2 Nb4 19. f3 Bf6 20. Ng2 Rfd8 21. Qc1 b5 22. axb5 cxb5 23. Nxa5 Rac8 24. Qd1 Nc2 25. Rc1 Nb4 26. Nf4 Qa7 27. fxe4 Qxa5 28. exf5 Bxf5 29. Nh5 Bg5 30. Qd2 Bg6 31. Nf4 Bf6 32. Nxg6 hxg6 33. Rxf6 Rxc1+ 34. Qxc1 Nd5 35. Rc6 Qb4 36. Bf3 Ne7 37. Rc7 Nf5 38. Be4 Qd6 39. Bxf5 gxf5 40. Qc6 b4 41. Qxd6 Rxd6 42. Rb7 Re6 43. Kf2 Rc6 44. Rxb4 Rc2+ 45. Kf3 1-0


[Site "https://www.chess.com"]